 Dungeon Crawl Stone Soup version 0.28.0 (webtiles) character file.

Game seed: 1690542098652247470

118 Minsecho the Chopper (level 5, 0/47 HPs)
             Began as a Hill Orc Monk on Feb 7, 2022.
             Slain by a shadow imp (4 damage)
             ... summoned by Natasha
             ... on level 2 of the Dungeon.
             The game lasted 00:03:20 (2898 turns).

Minsecho the Chopper (Hill Orc Monk)                Turns: 2898, Time: 00:03:21

Health: 0/47       AC:  4    Str: 16    XL:     5   Next: 2%
Magic:  5/5        EV: 12    Int: 10    God:
Gold:   97         SH:  0    Dex: 13    Spells: 4/4 levels left

rFire   . . .      SeeInvis .   a - +0 hand axe
rCold   . . .      Faith    .   (no shield)
rNeg    . . .      Spirit   .   b - +0 robe
rPois   .          Reflect  .   n - +0 helmet
rElec   .          Harm     .   (no cloak)
rCorr   .          Rampage  .   (no gloves)
Will    .....                   i - +0 pair of boots
Stlth   ++........              (no amulet)
HPRegen 0.15/turn               (no ring)
MPRegen 0.09/turn               (no ring)

@: no status effects
A: no striking features
a: no special abilities


You were on level 2 of the Dungeon.
You visited 1 branch of the dungeon, and saw 2 of its levels.

You collected 97 gold pieces.

Inventory:

Hand Weapons
 a - a +0 hand axe (weapon)
Armour
 b - a +0 robe (worn)
 i - a +0 pair of boots (worn)
 n - a +0 helmet (worn)
Jewellery
 h - a ring of see invisible
Scrolls
 d - 2 scrolls of teleportation
 e - a scroll of noise {unknown}
 f - 2 scrolls of immolation
 j - a scroll of magic mapping
 k - a scroll of identify {unknown}
 m - a scroll of enchant armour {unknown}
Potions
 c - a potion of curing {unknown}
 l - a potion of heal wounds {unknown}
 o - a potion of attraction {unknown}


   Skills:
 + Level 4.4 Fighting
 + Level 5.8 Axes
 + Level 2.9 Dodging
 + Level 2.1 Stealth


You had 4 spell levels left.
You didn't know any spells.
Your spell library was empty.

Dungeon Overview and Level Annotations

Branches:
Dungeon (2/15)

Altars:

Annotations:
D:2 Natasha


Message History

Natasha is moderately wounded.
You barely miss the shadow imp.
Natasha mumbles some strange words.
The shadow imp hits you.
You closely miss Natasha.
Natasha is moderately wounded.
You closely miss the shadow imp. Natasha closely misses you.
The shadow imp gestures at you. Pain shoots through your body!
You slash Natasha!
Natasha is almost dead.
You barely miss the shadow imp. Natasha closely misses you.
The shadow imp hits you.
You closely miss Natasha.
Natasha is almost dead.
You hit the shadow imp.
Natasha stares at you and mumbles some strange words.
You resist with some effort. The shadow imp gestures at you.
Pain shoots through your body!
* * * LOW HITPOINT WARNING * * *
You barely miss Natasha.
Natasha is almost dead.
You hit the shadow imp but do no damage. x2
The shadow imp hits you.
* * * LOW HITPOINT WARNING * * *
Natasha claws you.
* * * LOW HITPOINT WARNING * * *
The shadow imp barely misses you.
You hit Natasha but do no damage.
Natasha is almost dead.
You barely miss the shadow imp. You hit the shadow imp.
You kill the shadow imp!
The shadow imp disappears in a puff of smoke!
The shadow imp hits you but does no damage.
Natasha claws you but does no damage.
You barely miss Natasha.
Natasha is almost dead.
You closely miss the shadow imp. The shadow imp hits you.
You die...

).# .........>.. ###
.......... ..#
####........# ###.#
#...........# ..#.#
#.#.........# #.#.#
#.#.........# ..#.#
#.##........# .##.#
#.##...§h...# .##.#
#.##...@5>..# ###.#
#.##........# ....#
#.##........# ..###
#.####....### #.#
####.####....#
#.#####.......)..###
#.....#.####.#####
###...#...##.#
#...###.##.#


You could see Natasha and a shadow imp (summoned).

Vanquished Creatures
  Jessica (D:2)
  Natasha (D:2)
  2 worms (D:2)
  2 dart slugs
  5 bats
  7 endoplasms
  3 giant cockroaches
  9 goblins
  4 hobgoblins (D:1)
  7 kobolds
  A quokka (D:1)
  3 ball pythons
  4 frilled lizards
  5 rats
54 creatures vanquished.

Notes
Turn   | Place    | Note
-------+----------+-------------------------------------------
     0 | D:1      | Minsecho the Hill Orc Monk began the quest for the Orb.
     0 | D:1      | Reached XP level 1. HP: 19/19 MP: 1/1
    60 | D:1      | Found a faded altar of an unknown god.
    86 | D:1      | Reached XP level 2. HP: 20/27 MP: 2/2
  1004 | D:1      | Reached XP level 3. HP: 33/33 MP: 3/3
  1714 | D:2      | Reached skill level 5 in Axes
  2150 | D:2      | Reached XP level 4. HP: 14/40 MP: 4/4
  2412 | D:2      | Noticed Jessica
  2447 | D:2      | Killed Jessica
  2629 | D:2      | Noticed Natasha
  2654 | D:2      | Killed Natasha
  2655 | D:2      | Reached XP level 5. HP: 17/47 MP: 5/5
  2694 | D:2      | Noticed Natasha
  2898 | D:2      | Slain by a shadow imp

Illustrated notes

Levels and vault maps discovered:
D:1:      dpeg_arrival_three_same_balls, layout_basic,
          hellmonk_ecumenical_altar_blasted, serial_corexii_hall,
          corexii_hall_statues_s, chequers_hall_statues_wall_a, st_stairs_6,
          minmay_tall_x
D:2:      layout_basic, uniq_jessica, uniq_natasha

Skill      XL: |  1  2  3  4 |
---------------+-------------+-----
Fighting       | 4 |  4.4
Axes           | 5 |  5.8
Stealth        | 2 |  2.1
Dodging        | |  2.9

Action                   |  1- 3 |  4- 6 || total
-------------------------+-------+-------++-------
Melee: Hand axe          |   140 |    60 ||   200
       Punch             |     1 |       ||     1
  Use: Scroll            |     3 |     1 ||     4
 Stab: Sleeping          |     6 |     3 ||     9
Armor: Robe              |    17 |     6 ||    23
Dodge: Dodged            |    66 |    29 ||    95
